AoeStats
← Jan the Hakker

Fortress

509728267Analyzed
4v4 RM · 3d ago on Sep 27, 2026· 51m 56s· 8 players
Game mode
Random Map
Map size
Huge
Population
200
Speed
Normal
Resources
Standard
Victory
Conquest
Starting age
Dark Age
Ending age
Imperial Age
RankedLock teamsTeams togetherTeam positionsShared explorationLock speedFull tech treeHidden civsTurbo modeCheats
Victory
Defeat
🇹🇷 Magyars · Türkiye
1688
+11
🇹🇷 Japanese · Türkiye
1646
+13
🇹🇷 Varangians · Türkiye
1618
+14
🇹🇷 Khmer · Türkiye
1351
+25
🇳🇱 Huns · Netherlands
1623
-17
🇺🇸 Danes · United States
1599
-17
🇩🇪 Saxons · Germany
1550
-15
🇺🇸 Mongols · United States
1532
-14
optimal_brain_damage
7:20 Feudal Age
8:11 Double-Bit Axe
8:40 Double-Bit Axe
11:08 Castle Age
9:15 Horse Collar
10:32 Gold Mining
13:21 Wheelbarrow
13:36 Bow Saw
14:21 Heavy Plow
17:45 Gold Mining
19:58 Loom
20:46 Hand Cart
24:52 Imperial Age
23:14 Stone Mining
24:32 Scale Mail Armor
24:42 Forging
24:01 Pikeman
24:41 Squires
25:16 Onager
26:45 Chain Mail Armor
27:06 Iron Casting
28:11 Plate Mail Armor
28:16 Iron Casting
29:18 Gold Shaft Mining
28:37 Town Watch
29:52 Siege Engineers
29:38 Elite Varangian Guard
29:44 Siege Onager
30:36 Siege Engineers
30:59 Caravan
31:03 Arson
32:21 Blast Furnace
33:02 Chemistry
32:44 Conscription
32:53 Conscription
34:13 Coinage
37:28 Northmen's Fury
Dwarf king
7:16 Feudal Age
10:56 Castle Age
8:54 Double-Bit Axe
11:52 Bow Saw
12:07 Horse Collar
13:57 Heavy Plow
14:45 Loom
20:40 Wheelbarrow
21:02 Gold Mining
21:41 Hand Cart
21:20 Gold Mining
22:03 Stone Mining
26:15 Imperial Age
23:41 Fletching
24:24 Ballistics
24:42 Bodkin Arrow
24:53 Thumb Ring
25:00 Bloodlines
25:49 Gold Shaft Mining
25:50 Stone Shaft Mining
25:46 Padded Archer Armor
25:50 Husbandry
26:47 Leather Archer Armor
26:59 Bracer
28:01 Chemistry
28:09 Conscription
28:41 Parthian Tactics
29:12 Siege Engineers
28:48 Elite Mangudai
30:07 Onager
33:36 Siege Engineers
33:53 Drill
34:23 Town Watch
34:50 Forging
34:46 Scale Barding Armor
34:03 Light Cavalry
36:58 Caravan
37:04 Siege Onager
37:24 Capped Ram
38:23 Masonry
38:57 Siege Ram
18 on berries
8:06 Feudal Age
11:52 Castle Age
9:48 Double-Bit Axe
10:08 Horse Collar
12:46 Bow Saw
12:37 Heavy Plow
18:22 Wheelbarrow
19:57 Gold Mining
20:00 Stone Mining
23:42 Loom
24:30 Hand Cart
24:30 Town Watch
25:32 Gold Shaft Mining
28:27 Imperial Age
26:12 Scale Mail Armor
26:36 Forging
27:02 Masonry
27:12 Ballistics
27:10 Chain Mail Armor
27:47 Fortified Wall
29:01 Iron Casting
28:09 Treadmill Crane
29:33 Conscription
29:28 Guilds
30:19 Two-Man Saw
29:50 Crop Rotation
29:50 Fletching
31:38 Chemistry
30:44 Siege Engineers
30:35 Guard Tower
30:08 Shield Wall
30:52 Murder Holes
33:34 Caravan
33:02 Elite Hearth Troop
33:50 Onager
34:01 Clerical Recruitment
35:17 Hoardings
35:13 Plate Mail Armor
34:44 Padded Archer Armor
34:41 Bodkin Arrow
34:53 Siege Engineers
36:54 Block Printing
37:05 Illumination
36:40 Guard Tower
36:35 Arrowslits
37:11 Bracer
37:29 Redemption
37:39 Sanctity
38:15 Keep
38:25 Sanctity
39:39 Murder Holes
40:14 Architecture
39:55 Fortified Wall
41:30 Theocracy
40:55 Atonement
44:29 Squires
44:14 Arson
44:43 Pikeman
45:32 Halberdier
Jan the Hakker
6:53 Feudal Age
10:53 Castle Age
9:03 Double-Bit Axe
9:26 Horse Collar
11:57 Bow Saw
18:28 Wheelbarrow
18:01 Heavy Plow
20:00 Hand Cart
24:37 Imperial Age
21:54 Loom
21:54 Town Watch
22:36 Fletching
24:17 Thumb Ring
24:09 Bodkin Arrow
24:24 Gold Mining
24:25 Stone Mining
26:08 Parthian Tactics
26:35 Bracer
26:47 Padded Archer Armor
27:06 Heavy Cavalry Archer
27:20 Heavy Cavalry Archer
29:19 Leather Archer Armor
29:26 Ballistics
30:06 Chemistry
30:19 Husbandry
30:30 Bloodlines
31:33 Forging
31:23 Scale Mail Armor
31:28 Scale Barding Armor
33:17 Murder Holes
33:32 Masonry
33:29 Caravan
33:59 Coinage
33:40 Guilds
33:15 Capped Ram
35:07 Chain Barding Armor
35:23 Iron Casting
35:27 Siege Ram
37:19 Plate Barding Armor
36:06 Cavalier
40:37 Blast Furnace
39:00 Paladin
USTA
7:48 Feudal Age
11:43 Castle Age
9:45 Double-Bit Axe
10:36 Gold Mining
10:27 Horse Collar
12:55 Bow Saw
18:37 Heavy Plow
21:18 Wheelbarrow
25:14 Imperial Age
22:50 Scale Mail Armor
23:01 Forging
23:42 Gold Shaft Mining
23:38 Hand Cart
23:08 Loom
23:18 Town Watch
23:39 Stone Mining
25:01 Chain Mail Armor
25:21 Iron Casting
25:55 Iron Casting
24:47 Pikeman
25:27 Squires
26:28 Plate Mail Armor
25:42 Elite Samurai
26:25 Squires
26:10 Arson
26:52 Conscription
27:28 Iron Casting
28:10 Hoardings
28:55 Two-Man Saw
29:30 Blast Furnace
30:10 Fletching
30:42 Guard Tower
30:39 Arrowslits
31:54 Chemistry
31:01 Yasama
31:08 Bodkin Arrow
31:14 Padded Archer Armor
31:56 Hoardings
31:40 Caravan
32:02 Bracer
33:06 Keep
32:43 Masonry
33:10 Ballistics
33:20 Town Patrol
35:02 Kataparuto
34:47 Murder Holes
35:49 Scale Barding Armor
36:00 Light Cavalry
36:41 Husbandry
36:53 Bloodlines
37:05 Chain Barding Armor
40:42 Padded Archer Armor
46:44 Siege Engineers
46:51 Fortified Wall
46:22 Treadmill Crane
48:23 Coinage
50:52 Banking
Theos
7:20 Feudal Age
11:26 Castle Age
9:29 Horse Collar
9:50 Double-Bit Axe
13:08 Bow Saw
17:52 Wheelbarrow
18:56 Heavy Plow
19:50 Gold Mining
21:01 Hand Cart
20:44 Stone Mining
21:46 Loom
25:44 Imperial Age
23:58 Fletching
24:23 Bloodlines
24:13 Husbandry
24:44 Bodkin Arrow
25:08 Thumb Ring
25:47 Padded Archer Armor
26:09 Ballistics
25:51 Town Watch
26:44 Gold Shaft Mining
26:33 Bracer
27:56 Chemistry
27:08 Recurve Bow
27:56 Heavy Cavalry Archer
29:28 Parthian Tactics
30:04 Leather Archer Armor
30:04 Elite Magyar Huszar
31:05 Conscription
31:20 Ring Archer Armor
31:48 Crop Rotation
31:24 Scale Barding Armor
33:17 Chain Barding Armor
33:22 Conscription
33:12 Corvinian Army
33:47 Hoardings
33:30 Masonry
34:39 Plate Barding Armor
35:29 Two-Man Saw
35:59 Coinage
35:45 Siege Engineers
35:20 Treadmill Crane
38:27 Caravan
50:50 Banking
Kuş Bilge
8:08 Feudal Age
9:14 Double-Bit Axe
12:18 Castle Age
10:44 Horse Collar
14:11 Bow Saw
14:04 Heavy Plow
18:23 Wheelbarrow
18:50 Loom
21:12 Hand Cart
25:04 Imperial Age
23:14 Scale Mail Armor
23:24 Forging
23:38 Gold Mining
25:34 Gothikon
26:47 Squires
27:03 Chain Mail Armor
27:26 Iron Casting
27:55 Elite Varangian Guard
28:04 Capped Ram
30:10 Coinage
30:57 Conscription
31:44 Blast Furnace
31:16 Plate Mail Armor
31:36 Arson
32:54 Plate Mail Armor
34:43 Scale Barding Armor
35:11 Husbandry
35:10 Light Cavalry
36:00 Bloodlines
35:53 Siege Ram
38:59 Hussar
40:46 Chain Barding Armor
41:12 Caravan
ZeUs
1:03 Loom
8:53 Feudal Age
12:17 Castle Age
11:14 Horse Collar
11:21 Double-Bit Axe
20:20 Bow Saw
20:25 Heavy Plow
20:40 Gold Mining
20:40 Stone Mining
22:01 Stone Mining
27:11 Imperial Age
25:09 Bloodlines
26:34 Wheelbarrow
25:44 Town Watch
28:25 Conscription
28:06 Double Crossbow
28:55 Husbandry
28:17 Light Cavalry
30:24 Chemistry
29:43 Heavy Scorpion
30:34 Padded Archer Armor
30:25 Fletching
30:40 Scale Barding Armor
31:55 Siege Engineers
31:36 Elite Ballista Elephant
34:29 Chain Barding Armor
34:20 Forging
34:48 Caravan
36:57 Plate Barding Armor
37:27 Iron Casting
36:49 Bodkin Arrow
36:31 Hussar
48:54 Capped Ram
51:43 Blast Furnace
50:45 Scale Mail Armor
50:41 Elite Battle Elephant
Connection lost

Rejoining the realm…

Still unreachable

The connection could not be restored.

Session expired

The server has moved on; the page needs a fresh start.